 Dungeon Crawl Stone Soup version 0.31-a0-431-g88bdf31460 (webtiles) character file.

Game seed: 3315078638303732668

457 floatRand the Ruffian (level 6, -1/47 HPs)
             Began as a Draconian Shapeshifter on July 31, 2023.
             Slain by Pikel
             ... wielding a +2 whip of flaming
              (2 damage)
             ... on level 4 of the Dungeon.
             The game lasted 00:03:02 (2622 turns).

floatRand the Ruffian (Draconian Shapeshifter)      Turns: 2622, Time: 00:03:02

Health: -1/47      AC:  6    Str: 17    XL:     6   Next: 77%
Magic:  0/6        EV: 12    Int:  8    God:
Gold:   67         SH:  0    Dex: 20    Spells: 5/5 levels left

rFire   . .          .
                       - Unarmed
rCold   . . .        (no shield)
rNeg    . . .        (body armour unavailable)
rPois   .            (helmet currently unavailable)
rElec   .            (cloak currently unavailable)
rCorr   .            (gloves currently unavailable)
SInv    .            (boots currently unavailable)
Will    .....        d - amulet of guardian spirit
Stlth   ++           n - +6 ring of dexterity
HPRegen 0.27/turn    (no ring)
MPRegen 0.10/turn

%: guardian spirit
@: beast-form
A: beast (slay +3), AC +6, unfitting armour, cold-blooded
a: Begin Untransformation


You were on level 4 of the Dungeon.
You were a hulking beast.
You visited 1 branch of the dungeon, and saw 4 of its levels.

You collected 158 gold pieces.
You spent 91 gold pieces at shops.

Inventory:

Armour
 q - a scarf of invisibility
Jewellery
 d - an amulet of guardian spirit (around neck)
 n - a +6 ring of dexterity (left hand)
 t - an amulet of magic regeneration
Talismans
 a - a granite talisman
 b - a beast talisman (active)
Wands
 o - a wand of digging (3)
Scrolls
 e - 2 scrolls of teleportation {unknown}
 h - a scroll of amnesia {unknown}
 j - a scroll of vulnerability {unknown}
 k - 2 scrolls of fear {unknown}
 l - a scroll of fog {unknown}
 m - a scroll of butterflies {unknown}
 p - a scroll of poison {unknown}
 s - a scroll of identify
 u - a scroll of silence {unknown}
Potions
 c - 2 potions of mutation
 f - a potion of brilliance
 g - a potion of cancellation
 r - a potion of attraction {unknown}


   Skills:
 - Level 1.1 Fighting
 - Level 1.7 Dodging
 * Level 6.5 Unarmed Combat
 + Level 4.5 Shapeshifting


You had 5 spell levels left.
You didn't know any spells.
Your spell library contained the following spells:

 Spells                   Type           Power      Damage    Failure   Level
 Sandblast                Erth           0%         2d4       41%         1
 Passwall                 Tmut/Erth      0%         N/A       54%         2
 Stone Arrow              Conj/Erth      0%         3d7       78%         3


Dungeon Overview and Level Annotations

Branches:
Dungeon (4/15)
 Temple: D:4-7

Altars:
Hepliaklqana
Kikubaaqudgha

Shops:
D:3 ?

Annotations:
D:1 2 transporters
D:4 Pikel


Innate Abilities, Weirdness & Mutations

You are a hulking beast.
Your limbs bulge with bestial killing power. (Slay +3)
Your plain brown scales are hard. (AC +6)
You cannot fit into any form of body armour.
You are cold-blooded and may be slowed by cold attacks.


Message History

Pikel burns you.
Unknown command.
You hit Pikel.
Pikel is moderately wounded.
Pikel hits you with a +2 whip of flaming!
Pikel burns you.
You punch Pikel!
Pikel is heavily wounded.
Pikel hits you with a +2 whip of flaming!
Pikel burns you.
Unknown command.
You are too injured to fight recklessly!
You completely miss Pikel.
Pikel is heavily wounded.
Unknown command.
You hit Pikel.
Your tail-slap misses Pikel.
Pikel is heavily wounded.
Pikel hits you with a +2 whip of flaming.
Pikel burns you.
* * * LOW HITPOINT WARNING * * *
You are too injured to fight recklessly!
You hit Pikel.
Pikel is severely wounded.
Pikel hits you with a +2 whip of flaming.
* * * LOW HITPOINT WARNING * * *
Pikel burns you.
* * * LOW HITPOINT WARNING * * *
Unknown command.
Unknown command.
You hit Pikel.
Pikel is severely wounded.
Pikel hits you with a +2 whip of flaming.
* * * LOW HITPOINT WARNING * * *
Pikel burns you.
* * * LOW HITPOINT WARNING * * *
Unknown command.
You hit Pikel. You punch Pikel.
Pikel is almost dead.
Pikel hits you with a +2 whip of flaming.
You die...

#..####.....#
#.#.# #..#
#[..>.######.#.#
. #..#
#..............#
## ##.#
#.....######.###
#.#
##..###....).#
#>. ..# #.######
### #.# #.# #.#
#h# #K# #J# #5#
#s†.K....
####..... ####


You could see Pikel, a lemure, a scorpion and an endoplasm.

Vanquished Creatures
  Sigmund (D:2)
  2 lemures (D:4)
  A hound (D:3)
  2 jellies (D:4)
  An iguana (D:4)
  An orc wizard (D:3)
  Robin (D:2)
  3 adders
  2 worms
  2 dart slugs
  11 orcs
  4 ball pythons
  5 bats
  4 endoplasms
  7 giant cockroaches
  9 goblins
  9 hobgoblins
  3 jackals
  4 kobolds
  5 quokkas
  2 frilled lizards
  6 rats
85 creatures vanquished.

Notes
Turn   | Place    | Note
-------+----------+-------------------------------------------
     0 | D:1      | floatRand the Draconian Shapeshifter began the quest for
                  | the Orb.
     0 | D:1      | Reached XP level 1. HP: 16/16 MP: 1/1
   119 | D:1      | You fall into a shaft and drop 1 floor!
   129 | D:2      | Reached XP level 2. HP: 23/23 MP: 2/2
   230 | D:2      | Noticed Sigmund
   329 | D:1      | Reached XP level 3. HP: 28/28 MP: 3/3
   562 | D:1      | Reached skill level 4 in Unarmed Combat
   888 | D:2      | Killed Sigmund
   889 | D:2      | Reached skill level 5 in Unarmed Combat
   889 | D:2      | Reached XP level 4. HP: 35/35 MP: 4/4
   889 | D:2      | Reached XP level 5. HP: 40/40 MP: 5/5
  1328 | D:2      | Noticed Robin
  1364 | D:2      | Killed Robin
  1617 | D:3      | Found Qitywnim's Magic Scroll Shoppe.
  1650 | D:3      | Reached XP level 6. HP: 47/47 MP: 6/6
  1744 | D:3      | Bought a scroll of identify for 26 gold pieces
  1744 | D:3      | Bought a scroll of identify for 26 gold pieces
  1744 | D:3      | Bought a scroll of noise for 13 gold pieces
  1744 | D:3      | Bought a scroll of identify for 26 gold pieces
  1949 | D:3      | Reached skill level 6 in Unarmed Combat
  2143 | D:3      | Found an ancient bone altar of Kikubaaqudgha.
  2179 | D:3      | Found a hazy altar of Hepliaklqana.
  2576 | D:4      | Identified the +5 long sword of Upluet {elec, *Slow rPois
                  | Will+ rCorr Int+2}
  2589 | D:4      | Noticed Pikel
  2621 | D:4      | HP: 2/47 [Pikel/+2 whip of flaming (6)]
  2622 | D:4      | Slain by Pikel

Illustrated notes

Levels and vault maps discovered:
D:1:      spicycebolla_arrival_transporter_tutorial, layout_loops_ring
D:2:      kennysheep_big_flooded_room, layout_basic, hex_large, fountainhead,
          hex_tiny, uniq_sigmund, uniq_robin
D:3:      layout_loops_ring, mainiacjoe_overflow_alcove_4,
          kiku_gazebo_pond_becter, serial_shops, nicolae_shop_window_shopping,
          minmay_circle_x
D:4:      layout_loops_ring, nicolae_ru_path_of_blood, lemuel_round_altar,
          serial_shops, nicolae_shop_rolled_up, uniq_ijyb, uniq_pikel,
          uniq_duvessa

Skill      XL: |  1  2  3  4  5  6 |
---------------+-------------------+-----
Unarmed Combat | 5 6 |  6.5
Shapeshifting  | 4 |  4.5
Fighting       | |  1.1
Dodging        | |  1.7

Action                     |  1- 3 |  4- 6 || total
---------------------------+-------+-------++-------
  Melee: Unarmed           |    60 |   161 ||   221
         Tailslap          |     5 |    21 ||    26
         Punch             |     1 |     7 ||     8
    Use: Potion            |     1 |     1 ||     2
         Scroll            |       |     4 ||     4
   Stab: Sleeping          |     1 |     3 ||     4
 Armour: Skin              |    18 |    33 ||    51
  Dodge: Dodged            |    39 |    61 ||   100

Table legend: (Time is in decaauts)
 A = Elapsed time spent in this place.
 B = Non-inter-level travel time spent in this place.
 C = Inter-level travel time spent in this place.
 D = Time resting spent in this place.
 E = Time spent auto-exploring this place.
 F = Levels seen in this place.
 G = Mean time per level.
                   A        B        C        D        E       F      G
               +--------+--------+--------+--------+--------+-----+--------+
         Total |   2604 |   2479 |    125 |    337 |   1545 |   4 |  651.0 |
       Dungeon |   2604 |   2479 |    125 |    337 |   1545 |   4 |  651.0 |
               +--------+--------+--------+--------+--------+-----+--------+

Top non-repeatable levels by time:
     D:2: 828 daAuts
     D:3: 733 daAuts
     D:1: 706 daAuts
     D:4: 335 daAuts
